 Dungeon Crawl Stone Soup version 0.19-a0-1107-gc676ff4 (webtiles) character file.

155 Leszczynek the Slasher (level 5, -3/36 HPs)
             Began as a High Elf Gladiator on Aug 9, 2016.
             Killed by divine providence
             ... invoked by an orc priest
              (10 damage)
             ... on level 4 of the Dungeon.
             The game lasted 00:04:47 (2579 turns).

Leszczynek the Slasher (High Elf Gladiator)         Turns: 2579, Time: 00:04:47

Health: -3/36      AC:  8    Str: 14    XL:     5   Next: 14%
Magic:  6/6        EV: 11    Int: 12    God:
Gold:   161        SH:  0    Dex: 16    Spells: 0 memorised, 4 levels left

rFire  . . .     SeeInvis +     a - +0 long sword
rCold  . . .     Gourm    .     r - +0 scale mail
rNeg   + . .     Faith    .     (no shield)
rPois  .         Spirit   .     c - +0 helmet
rElec  .         Dismiss  .     (no cloak)
rCorr  .         Reflect  .     s - +0 pair of gloves
SustAt .         Harm     .     (no boots)
MR     .....                    (no amulet)
Stlth  ..........               q - ring of see invisible
                                g - ring of positive energy

@:
A: no striking features
a: no special abilities


You were on level 4 of the Dungeon.
You were not hungry.

You visited 1 branch of the dungeon, and saw 4 of its levels.

You collected 161 gold pieces.

Inventory:

Hand Weapons
 a - a +0 long sword (weapon)
Missiles
 d - 3 throwing nets (quivered)
 w - 8 javelins
 x - 37 sling bullets
Armour
 b - a +0 leather armour
 c - a +0 helmet (worn)
 r - a +0 scale mail (worn)
 s - a +0 pair of gloves (worn)
Jewellery
 g - a ring of positive energy (left hand)
 q - a ring of see invisible (right hand)
Scrolls
 j - a scroll of remove curse
 k - 4 scrolls of teleportation
 n - a scroll of magic mapping {unknown}
 p - a scroll of amnesia
 v - a scroll of fear
Potions
 e - a potion of brilliance
 h - a potion of lignification {unknown}
 i - 4 potions of curing
 l - a potion of cancellation {unknown}
 m - a potion of resistance {unknown}
Comestibles
 f - 2 bread rations
 o - a beef jerky
 t - a royal jelly


   Skills:
 + Level 3.0 Fighting
 * Level 5.6 Long Blades
 - Level 2.0 Throwing
 + Level 0.8 Armour
 - Level 4.1 Dodging


You had 4 spell levels left.
You didn't know any spells.

Dungeon Overview and Level Annotations

Branches:
Dungeon (4/15)
 Temple: D:4-7

Altars:
Cheibriados
Elyvilon


Message History

You slash the orc!
You kill the orc!
The orc priest mumbles some strange prayers to Beogh against you.
You struggle to resist.
The orc closely misses you.
You riposte.
You hit the orc.
The orc is heavily wounded.
Items here: )) [ †† a club; a dagger; a robe; an orc corpse; a giant cockroach corpse You barely miss the orc priest.
The orc priest mumbles some strange prayers to Beogh against you.
Beogh smites you!
* * * LOW HITPOINT WARNING * * *
The orc hits you but does no damage.
You hit the orc priest but do no damage.
The orc priest hits you but does no damage.
The orc closely misses you.
You barely miss the orc priest.
The orc priest invokes the aid of Beogh against you.
Beogh smites you!
You die...

##... .....
#....# #.....
##### ......#
#...# .......
#...#
.......##...#
#ooo..#
......s.#@..#
#.....###...#
...### #...#
## #.### ..#
.## .# #


You could see an orc priest and 2 orcs.

Vanquished Creatures
  A hound (D:3)
  An orc wizard (D:4)
  2 adders (D:2)
  3 worms
  8 dart slugs (D:3)
  2 orcs
  5 bats
  2 giant cockroaches
  6 goblins
  6 hobgoblins
  4 jackals (D:1)
  A quokka (D:2)
  3 giant newts
  5 kobolds
  7 rats
56 creatures vanquished.

Notes
Turn   | Place    | Note
-------+----------+-------------------------------------------
     0 | D:1      | Leszczynek the High Elf Gladiator began the quest for the Orb.
     0 | D:1      | Reached XP level 1. HP: 14/14 MP: 2/2
   209 | D:1      | Reached skill level 4 in Long Blades
   218 | D:1      | Reached XP level 2. HP: 19/19 MP: 3/3
  1500 | D:2      | Reached XP level 3. HP: 22/24 MP: 4/4
  1973 | D:3      | Reached skill level 5 in Long Blades
  2001 | D:3      | Reached skill level 4 in Dodging
  2001 | D:3      | Reached XP level 4. HP: 27/30 MP: 5/5
  2077 | D:3      | Found a white marble altar of Elyvilon.
  2290 | D:3      | Found a snail-covered altar of Cheibriados.
  2574 | D:4      | Reached skill level 3 in Fighting
  2574 | D:4      | Reached XP level 5. HP: 23/36 MP: 6/6
  2579 | D:4      | Killed from afar by an orc priest

Vault maps used:
D:1:      scummos_arrival_checkerplants
D:3:      kennysheep_slugbush, kennysheep_slug_shrine, first_bread,
          elyvilon_altar_4
D:4:      nemelex_altar_shiori, grunt_qazlal_clouds, serial_shops, shop,
          johnstein_pakellas_dig

Skill      XL: |  1  2  3  4 |
---------------+-------------+-----
Long Blades    | 4 5 |  5.6
Dodging        | 4 |  4.1
Fighting       | 3 |  3.0
Throwing       | |  2.0
Armour         | |  0.8

Action                   |  1- 3 |  4- 6 || total
-------------------------+-------+-------++-------
Melee: Long sword        |   126 |    53 ||   179
  Use: Scroll            |     4 |     3 ||     7
 Stab: Sleeping          |     2 |       ||     2
  Eat: Chunk             |     3 |     2 ||     5
Armor: Leather armour    |    14 |       ||    14
       Scale mail        |    22 |     9 ||    31
Dodge: Dodged            |    61 |    31 ||    92
